 Dungeon Crawl Stone Soup version 0.28.0-53-g5a82cb258f (webtiles) character file.

Game seed: 9203107455822582950

56 eooof the Chopper (level 3, 0/34 HPs)
             Began as a Hill Orc Monk on June 29, 2022.
             Slain by an adder (1 damage)
             ... on level 4 of the Dungeon.
             The game lasted 00:09:21 (2432 turns).

eooof the Chopper (Hill Orc Monk)                   Turns: 2432, Time: 00:09:21

Health: 0/34       AC:  2    Str: 13 (15) XL:     3   Next: 95%
Magic:  3/3        EV: 12    Int:  9 (10) God:
Gold:   73         SH:  0    Dex: 12 (13) Spells: 1/2 levels left

rFire   . . .      SeeInvis .   a - +0 hand axe
rCold   . . .      Faith    .   (no shield)
rNeg    . . .      Spirit   .   b - +0 robe
rPois   .          Reflect  .   (no helmet)
rElec   .          Harm     .   (no cloak)
rCorr   .          Rampage  .   (no gloves)
Will    .....                   (no boots)
Stlth   ++........              c - amulet of the acrobat
HPRegen 0.11/turn               d - ring of wizardry
MPRegen 0.08/turn               (no ring)

@: no status effects
A: no striking features
a: no special abilities


You were on level 4 of the Dungeon.
You visited 1 branch of the dungeon, and saw 4 of its levels.

You collected 73 gold pieces.

Inventory:

Hand Weapons
 a - a +0 hand axe (weapon)
Armour
 b - a +0 robe (worn)
Magical Staves
 i - a staff of cold
Jewellery
 c - an amulet of the acrobat (around neck)
 d - a ring of wizardry (left hand)
Wands
 e - a wand of flame (24) (quivered)
 g - a wand of charming (3)
Scrolls
 f - a scroll of brand weapon {unknown}


   Skills:
 + Level 4.5 Fighting
 + Level 5.0 Axes
 - Level 2.6 Dodging
 - Level 1.9 Stealth


You had one spell level left.
You knew the following spells:

 Your Spells              Type           Power      Damage    Failure   Level
a - Animate Skeleton      Necr           0%         N/A       16%         1

Your spell library contained the following spells:

 Spells                   Type           Power      Damage    Failure   Level
 Corpse Rot               Necr/Air       0%         N/A       24%         2
 Vampiric Draining        Necr           0%         2d6       43%         3
 Agony                    Necr           0%         N/A       98%         5


Dungeon Overview and Level Annotations

Branches:
Dungeon (4/15)
 Temple: D:4-7

Altars:
Kikubaaqudgha
Trog

Shops:
D:2 [   D:3 (


Message History

You hit the giant cockroach.
You kill the giant cockroach!
You feel sick. The adder bites you.
You are more poisoned.
The adder poisons you!
You feel sick. The adder misses you.
You hit the orc.
The orc is severely wounded.
You closely miss the adder.
You feel sick. The adder bites you. The adder barely misses you.
The orc closely misses you.
You hit the orc.
You kill the orc!
You barely miss the orc. You hit the adder.
You feel sick. The adder bites you but does no damage.
Your Axes skill increases to level 5!
You hit the orc.
The orc is severely wounded.
You barely miss the adder. You barely miss the orc.
You feel sick. The adder barely misses you. The orc closely misses you.
The orc hits you with a +0 dagger. The adder barely misses you.
You miss the adder.
The adder is heavily wounded.
You hit the orc. You hit the orc but do no damage.
You feel sick. The orc barely misses you. The adder barely misses you.
The orc closely misses you.
You hit the orc.
You kill the orc!
You hit the orc but do no damage. You hit the adder.
You feel sick.
You are no longer poisoned.
The adder bites you.
* * * LOW HITPOINT WARNING * * *
The orc hits you with a +0 mace!
* * * LOW HITPOINT WARNING * * *
Okay, then.
It was a potion of degeneration.
There was something very wrong with that liquid.
You feel weakened.
You feel dopey.
You feel clumsy. The adder misses you. The orc barely misses you.
The orc closely misses you. The adder bites you.
You die...

##......# ##........
#......... #.........
#.......... #..........
########..........
##@o..............#
#So######..........
......)#######..........
...$... ................
...#### #####...........
.. ................ .
.#####..>.....<.
#..........
#....##.###..


You could see an adder and 2 orcs.

Vanquished Creatures
  An adder (D:2)
  An adder zombie (D:2)
  A dart slug (D:2)
  2 orcs (D:4)
  2 ball pythons
  3 endoplasms
  2 giant cockroaches
  5 goblins
  3 hobgoblins
  6 kobolds
  4 quokkas
  A ball python zombie (D:2)
  4 bats
  2 rats
37 creatures vanquished.

Vanquished Creatures (collateral kills)
  A bat (D:2)
1 creature vanquished.

Vanquished Creatures (others)
  4 plants (D:1)
4 creatures vanquished.

Grand Total: 42 creatures vanquished

Notes
Turn   | Place    | Note
-------+----------+-------------------------------------------
     0 | D:1      | eooof the Hill Orc Monk began the quest for the Orb.
     0 | D:1      | Reached XP level 1. HP: 19/19 MP: 1/1
   356 | D:1      | Reached XP level 2. HP: 19/27 MP: 2/2
   675 | D:1      | Found a faded altar of an unknown god.
   682 | D:1      | Prayed at the altar of an unknown god.
   682 | D:1      | Became a worshipper of Kikubaaqudgha
   682 | D:1      | Reached * piety under Kikubaaqudgha
   682 | D:1      | Received a gift from Kikubaaqudgha
   682 | D:1      | Reached ** piety under Kikubaaqudgha
   688 | D:1      | Learned a level 1 spell: Animate Skeleton
   694 | D:1      | Fell from the grace of Kikubaaqudgha
  1499 | D:2      | Reached XP level 3. HP: 30/33 MP: 3/3
  1502 | D:2      | Found Leenwex's Antique Armour Shoppe.
  1733 | D:2      | Found a bloodstained altar of Trog.
  2300 | D:3      | Found Arobla's Antique Weapon Emporium.
  2429 | D:4      | Reached skill level 5 in Axes
  2431 | D:4      | HP: 1/34 [orc/+0 mace (7)]
  2432 | D:4      | Slain by an adder

Illustrated notes

Levels and vault maps discovered:
D:1:      co_arrival_random_square_maze, layout_basic,
          dilly_ecumenical_altar_fadedgnrine, serial_bayou_ford_a
D:2:      layout_basic, serial_shops, nicolae_shop_behind_doors, basic_altar
D:3:      layout_loops_ring, serial_shops,
          nicolae_shop_competitors_out_of_business,
          minmay_misc_feat_secret_circle, minmay_misc_feat_more_columns
D:4:      layout_rooms, kennysheep_little_box, minmay_temple_entry_mini_moons

Skill      XL: |  1  2  3 |
---------------+----------+-----
Fighting       | 4 |  4.5
Axes           | 5 |  5.0
Dodging        | |  2.6
Stealth        | |  1.9

Action                   || total
-------------------------++-------
Melee: Hand axe          ||   115
       Punch             ||     1
 Cast: Animate Skeleton  ||     3
Invok: Renounce Religion ||     1
  Use: Potion            ||     3
 Stab: Sleeping          ||     2
Armor: Robe              ||    37
Dodge: Dodged            ||   231
